 Dungeon Crawl Stone Soup version 0.21-a0-434-g806c6c2 (webtiles) character file.

2345 varam the Destroyer (level 9, -3/62 HPs)
             Began as a Grey Draconian Venom Mage on Nov 8, 2017.
             Was an Initiate of Vehumet.
             Slain by a wight
             ... wielding a cursed +1 trident
              (9 damage)
             ... on level 7 of the Dungeon.
             The game lasted 00:59:16 (9063 turns).

varam the Destroyer (Grey Draconian Venom Mage)     Turns: 9063, Time: 00:59:17

Health: -3/62      AC: 13    Str: 10    XL:     9   Next: 20%
Magic:  1/13       EV: 13    Int: 20    God:    Vehumet [......]
Gold:   288        SH:  0    Dex: 11    Spells: 1/14 levels left

rFire    . . .     SeeInvis .   w - +1 flail (protect)
rCold    . . .     Gourm    .   (no shield)
rNeg     . . .     Faith    +   (armour unavailable)
rPois    .         Spirit   .   (helmet restricted)
rElec    .         Reflect  .   (no cloak)
rCorr    .         Harm     .   h - +0 pair of gloves
MR       .....                  (no boots)
Stlth    +.........             y - amulet of faith
HPRegen  0.20/turn              x - +2 ring of evasion
MPRegen  0.13/turn              (no ring)

@: heavily drained
A: walk through water, unfitting armour, unbreathing, cold-blooded, AC +12
a: Renounce Religion


You were on level 7 of the Dungeon.
You worshipped Vehumet.
Vehumet was noncommittal.
You were very hungry.

You visited 2 branches of the dungeon, and saw 8 of its levels.
You also visited: Ossuary.

You collected 288 gold pieces.

Inventory:

Hand Weapons
 l - a +3 falchion
 w - a +1 flail of protection (weapon)
Missiles
 t - 96 stones (quivered)
Armour
 h - a +0 pair of gloves (worn)
Jewellery
 m - an uncursed amulet of guardian spirit
 u - an uncursed amulet of harm
 x - a +2 ring of evasion (left hand)
 y - an amulet of faith (around neck)
Wands
 o - a wand of flame (18/48)
Scrolls
 d - a scroll of enchant armour
 f - a scroll of immolation
 p - 7 scrolls of remove curse
 v - 2 scrolls of amnesia
 D - a scroll of identify
Potions
 c - 2 potions of mutation {unknown}
 j - a potion of flight {unknown}
 k - 4 potions of curing
 r - 4 potions of heal wounds {unknown}
 s - 4 potions of haste {unknown}
 A - a potion of resistance {unknown}
 C - a potion of berserk rage {unknown}
 E - a potion of lignification {unknown}
Books
 a - a Young Poisoner's Handbook

   Spells                             Type                      Level
   a - Sting                          Conjuration/Poison           1
   b - Poisonous Vapours              Poison/Air                   2
   c - Mephitic Cloud                 Conjuration/Poison/Air       3
   d - Olgreb's Toxic Radiance        Poison                       4
   e - Venom Bolt                     Conjuration/Poison           5
 e - a book of Necromancy

   Spells                             Type                      Level
   a - Pain                           Necromancy                   1
   b - Animate Skeleton               Necromancy                   1
   c - Vampiric Draining              Necromancy                   3
   d - Regeneration                   Charms/Necromancy            3
   e - Animate Dead                   Necromancy                   4
   f - Control Undead                 Necromancy                   4
 g - a book of Minor Magic

   Spells                             Type                      Level
   a - Magic Dart                     Conjuration                  1
   b - Blink                          Translocation                2
   c - Call Imp                       Summoning                    2
   d - Slow                           Hexes                        2
   e - Conjure Flame                  Conjuration/Fire             3
   f - Mephitic Cloud                 Conjuration/Poison/Air       3
Comestibles
 b - 5 bread rations
 z - a meat ration
 B - 2 chunks of flesh


   Skills:
 - Level 1.7(0.0) Dodging
 - Level 1.7(0.0) Stealth
 - Level 3.1(1.0) Spellcasting
 * Level 9.5(7.0) Conjurations
 - Level 2.2(0.2) Summonings
 - Level 1.5(0.0) Air Magic
 + Level 7.3(5.0) Poison Magic


You had one spell level left.
You knew the following spells:

 Your Spells              Type           Power        Failure   Level  Hunger
a - Sting                 Conj/Pois      ####         1%          1    ##.....
b - Poisonous Vapours     Pois/Air       ##....       10%         2    ###....
c - Mephitic Cloud        Conj/Pois/Air  ###.....     10%         3    ####...
d - Call Imp              Summ           #.......     24%         2    ###....
e - Venom Bolt            Conj/Pois      ####......   38%         5    ######.


Dungeon Overview and Level Annotations

Branches:
Dungeon (7/15)             Temple (1/1) D:6

Altars:
Ashenzari
Dithmenos
Elyvilon
Gozag
Kikubaaqudgha
Makhleb
Nemelex Xobeh
Qazlal
Sif Muna
Trog
Uskayaw
Vehumet
Wu Jian
Xom
Yredelemnul
The Shining One

Annotations:
D:4 Eustachio


Innate Abilities, Weirdness & Mutations

You can walk through water.
Your dull iron-grey scales are very hard. (AC +12)
You cannot fit into any form of body armour.
You can survive without breathing.
You are cold-blooded and may be slowed by cold attacks.


Message History

The puff of frost hits the wight.
The wight resists.
The wight barely misses your white imp.
You swap places.
The wight hits your white imp from afar with an enchanted trident.
Your white imp dies!
Things that are here:
a chunk of flesh; an adder corpse You barely miss the wight.
You tail-slap the wight, but do no damage.
The wight is almost destroyed.
The wight misses you.
You barely miss the wight.
The wight is almost destroyed.
The wight misses you. The wight hits you but does no damage.
Casting: Call Imp
Confirm with . or Enter, or press ? or * to list all spells.
A beastly little devil appears in a puff of flame.
The wight hits you from afar with an enchanted trident!
You die...

*****#..#.....#.##...#...##.
#.#...#.............####
***####.#..)#..##......##.####
****,,...........###.....##......
,,,,,,..†.h†.F..z.#..#.......>.##
,,,,,,..####.###z#####........##
****,,*** ##,#z##*,#..#####..#
***,,,** **#5##*#....* #.###
,,,,,,,** ##@##..###* ###
,,,,,,,,* ###...* ,,***,,,**
#...********* * ,** ***,,*
**,,,,,,,,,,**** ,* *,,*
********,,,,,,, ,* **,* *,,,,,,,
,** **,,* **,,*,,,, *,****,,,*
**,*****,, **,**,,*** **,** *,,


You could see a wight and a friendly crimson imp.

Vanquished Creatures
  The ghost of Laiders the Cudgeler, a novice FoFi (D:5)
  An ogre (D:4)
  2 phantoms
  3 eyes of draining
  3 bullfrogs
  4 elf zombies (Ossuary)
  A scorpion (D:6)
  3 wights
  3 howler monkeys
  2 crimson imps
  3 hounds
  A jelly (D:6)
  An orc priest (D:6)
  An orc wizard (D:3)
  5 iguanas
  Natasha (thrice) (D:4)
  4 worker ants
  A big kobold zombie (Ossuary)
  A mummy (D:6)
  8 adders
  A gnoll (D:3)
  A shadow imp (D:6)
  3 oozes
  3 adder skeletons (D:4)
  An adder zombie (D:7)
  2 worms
  A dart slug (D:2)
  5 leopard geckos
  14 orcs
  3 giant cockroaches
  7 goblins
  8 hobgoblins
  10 jackals
  3 quokkas
  2 ball pythons
  6 bats
  2 frilled lizards
  A goblin zombie (Ossuary)
  8 hobgoblin zombies
  A jackal skeleton (D:6)
  A jackal zombie (Ossuary)
  5 kobolds
  6 kobold zombies
  8 orc zombies (Ossuary)
  6 rats
  A rat zombie (Ossuary)
160 creatures vanquished.

Vanquished Creatures (collateral kills)
  A howler monkey (D:7)
  A centaur zombie (Ossuary)
  3 orc wizards
  2 mummies (Ossuary)
  An orc (D:6)
  3 hobgoblin zombies (Ossuary)
  3 kobold zombies (Ossuary)
  2 orc zombies (Ossuary)
16 creatures vanquished.

Vanquished Creatures (others)
  4 toadstools (D:1)
4 creatures vanquished.

Grand Total: 180 creatures vanquished

Notes
Turn   | Place    | Note
-------+----------+-------------------------------------------
     0 | D:1      | varam the Draconian Venom Mage began the quest for the Orb.
     0 | D:1      | Reached XP level 1. HP: 14/14 MP: 3/3
   194 | D:1      | Reached XP level 2. HP: 8/20 MP: 0/5
   316 | D:1      | Learned a level 2 spell: Poisonous Vapours
   449 | D:1      | Reached skill level 2 in Conjurations
   811 | D:2      | Reached XP level 3. HP: 26/26 MP: 3/6
   955 | D:2      | Reached skill level 3 in Conjurations
  1340 | D:2      | Reached XP level 4. HP: 33/33 MP: 1/7
  1648 | D:3      | Noticed a phantom
  1856 | D:2      | Reached skill level 4 in Poison Magic
  1862 | D:2      | Learned a level 3 spell: Mephitic Cloud
  2289 | D:3      | Reached skill level 4 in Conjurations
  2289 | D:3      | Reached XP level 5. HP: 30/38 MP: 1/8
  2519 | D:3      | Noticed an eye of draining
  2519 | D:3      | Noticed an eye of draining
  2625 | D:4      | Reached skill level 1 in Air Magic
  3019 | D:4      | Noticed Natasha
  3033 | D:3      | HP: 3/38 [hound (2)]
  3037 | D:3      | HP: 1/38 [cloud of noxious fumes (2)]
  3798 | D:5      | Entered Level 5 of the Dungeon
  3869 | D:5      | Reached XP level 6. HP: 45/45 MP: 4/9
  3930 | D:5      | Noticed Laiders's ghost (novice FoFi)
  3952 | D:4      | Reached skill level 5 in Conjurations
  4175 | D:4      | Found a basalt altar of Yredelemnul.
  4201 | D:4      | Killed Natasha
  4201 | D:4      | Reached skill level 2 in Air Magic
  4821 | D:4      | Noticed Natasha
  4832 | D:4      | Killed Natasha
  4842 | D:4      | Noticed Eustachio
  4842 | D:4      | Reached skill level 5 in Poison Magic
  4842 | D:4      | Your scales start taking on a dull iron-grey colour.
  4842 | D:4      | Reduced skill Air Magic to level 1
  4842 | D:4      | Reached XP level 7. HP: 26/50 MP: 2/10
  4842 | D:4      | Gained mutation: You can survive without breathing. [Grey Draconian growth]
  5147 | D:3      | Found a bloodstained altar of Trog.
  5166 | D:3      | Reached skill level 6 in Conjurations
  5692 | D:3      | HP: 2/50 [wight/enchanted falchion (13)]
  6123 | D:4      | Noticed Natasha
  6127 | D:4      | Killed Natasha
  6127 | D:4      | Reached skill level 7 in Conjurations
  6180 | D:4      | Reached skill level 3 in Spellcasting
  6180 | D:4      | Reached XP level 8. HP: 43/57 MP: 10/12
  6184 | D:4      | Learned a level 2 spell: Call Imp
  6742 | D:6      | Reached skill level 1 in Summonings
  6742 | D:6      | Reached skill level 6 in Poison Magic
  6828 | D:6      | Found a sand-covered staircase.
  6939 | D:6      | Learned a level 5 spell: Venom Bolt
  6945 | Ossuary  | Entered an ossuary
  7283 | Ossuary  | Reached skill level 8 in Conjurations
  7283 | Ossuary  | Reached skill level 2 in Summonings
  7920 | D:5      | Found a white marble altar of Elyvilon.
  8097 | D:5      | Killed Laiders's ghost
  8160 | D:5      | Reached skill level 9 in Conjurations
  8160 | D:5      | Reached XP level 9. HP: 44/62 MP: 5/13
  8449 | D:6      | Reached skill level 7 in Poison Magic
  8555 | D:7      | Found a burning altar of Makhleb.
  8803 | D:6      | Found a staircase to the Ecumenical Temple.
  8810 | Temple   | Entered the Ecumenical Temple
  8873 | Temple   | Became a worshipper of Vehumet
  9052 | D:7      | HP: 3/62 [wight/enchanted trident (7)]
  9063 | D:7      | Slain by a wight

Vault maps used:
D:1:      ldierk_water_garden
D:3:      trog_eyes_of_draining
D:4:      yredelemnul_altar_generic, uniq_natasha, uniq_eustachio
D:5:      first_bread, elyvilon_altar_3
D:6:      minmay_temple_entry_enclosed_plants, nicolae_ossuary_entry_giza
D:7:      overflow_temple_1_default, basic_altar, serial_shops,
          nicolae_shop_temple_entry_statues_fountains
Temple:   eino_temple_rhombus
Ossuary:  ossuary_tomb_1

Skill      XL: |  1  2  3  4  5  6  7  8  9 |
---------------+----------------------------+-----
Conjurations   | 2 3 4 5 7 9 |  9.5
Poison Magic   | 4 5 6 7 |  7.3
Air Magic      | 1 1 |  1.5
Spellcasting   | 3 |  3.1
Summonings     | 2 |  2.2
Dodging        | |  1.7
Stealth        | |  1.7

Action                   |  1- 3 |  4- 6 |  7- 9 || total
-------------------------+-------+-------+-------++-------
Melee: Unarmed           |    48 |    73 |       ||   121
       Tailslap          |     1 |    12 |    40 ||    53
       Flail             |       |    76 |   439 ||   515
Throw: Tomahawk          |       |     3 |       ||     3
       Stone             |       |       |     6 ||     6
 Cast: Sting             |    47 |    65 |    12 ||   124
       Poisonous Vapours |     4 |    20 |    29 ||    53
       Mephitic Cloud    |       |    11 |     4 ||    15
       Call Imp          |       |       |    55 ||    55
       Venom Bolt        |       |       |     1 ||     1
  Use: Scroll            |       |     4 |     5 ||     9
       Potion            |       |       |     2 ||     2
 Stab: Sleeping          |     2 |     1 |       ||     3
       Confused          |       |     2 |       ||     2
       Distracted        |       |       |     1 ||     1
  Eat: Chunk             |     2 |    10 |     9 ||    21
       Meat ration       |       |     1 |     1 ||     2
       Bread ration      |       |       |     1 ||     1
       Royal jelly       |       |       |     1 ||     1
Armor: Skin              |    24 |    72 |   200 ||   296
Dodge: Dodged            |    40 |   106 |   369 ||   515

Table legend:
 A = Spawn XP
 B = Non-spawn XP
 C = Spawn XP percentage of total XP
 D = Spawn monster count
 E = Non-spawn monster count
 F = Spawn count percentage of total count
 G = Total turns spent on level
                    A         B        C        D         E        F      G
               +---------+---------+-------+---------+---------+-------+---------
         Total |       0 |    3351 |   0.0 |       0 |     176 |   0.0 |  9063
               +---------+---------+-------+---------+---------+-------+---------
           D:1 |       0 |      32 |   0.0 |       0 |      19 |   0.0 |   792
           D:2 |       0 |     387 |   0.0 |       0 |      27 |   0.0 |  1976
           D:3 |       0 |     530 |   0.0 |       0 |      27 |   0.0 |  2489
           D:4 |       0 |     590 |   0.0 |       0 |      22 |   0.0 |  1343
           D:5 |       0 |     483 |   0.0 |       0 |      11 |   0.0 |   656
           D:6 |       0 |     481 |   0.0 |       0 |      20 |   0.0 |   895
           D:7 |       0 |     413 |   0.0 |       0 |      11 |   0.0 |   203
       Ossuary |       0 |     435 |   0.0 |       0 |      39 |   0.0 |   635
               +---------+---------+-------+---------+---------+-------+---------
